 Dungeon Crawl Stone Soup version 0.23-a0-577-g2b1de94 (webtiles) character file.

730 ilii the Caller (level 7, -2/52 HPs)
             Began as a Merfolk Summoner on Dec 13, 2018.
             Slain by an ogre
             ... wielding a +0 giant club
              (18 damage)
             ... on level 6 of the Dungeon on Dec 15, 2018.
             The game lasted 00:30:06 (6791 turns).

ilii the Caller (Merfolk Summoner)                  Turns: 6791, Time: 00:30:07

Health: -2/52      AC:  5    Str:  9    XL:     7   Next: 73%
Magic:  2/12       EV: 13    Int: 16    God:
Gold:   157        SH:  0    Dex: 14    Spells: 5/13 levels left

rFire    + . .     SeeInvis .   u - +0 trident
rCold    + . .     Gourm    .   (no shield)
rNeg     . . .     Faith    .   s - +0 leather armour {rF+}
rPois    .         Spirit   .   (no helmet)
rElec    .         Reflect  .   (no cloak)
rCorr    .         Harm     .   p - +1 pair of gloves
MR       +....                  (no boots)
Stlth    ++........             (no amulet)
HPRegen  0.17/turn              r - ring of protection from cold
MPRegen  0.13/turn              w - ring of protection from magic

@: no status effects
A: change form in water, swift swim, stealthy swim
a: no special abilities


You were on level 6 of the Dungeon.
You were very hungry.

You visited 2 branches of the dungeon, and saw 7 of its levels.

You collected 297 gold pieces.
You spent 140 gold pieces at shops.

Inventory:

Hand Weapons
 u - a +0 trident (weapon)
Armour
 p - a +1 pair of gloves (worn)
 s - a +0 leather armour of fire resistance (worn)
Jewellery
 m - an uncursed ring of see invisible {unknown}
 r - a ring of protection from cold (left hand)
 w - a ring of protection from magic (right hand)
Wands
 f - a wand of flame (11)
 q - a wand of polymorph (2)
Scrolls
 a - a scroll of blinking
 b - 2 scrolls of magic mapping
 e - 3 scrolls of remove curse
 i - 4 scrolls of teleportation
 v - 3 scrolls of fear
 x - a scroll of enchant weapon
Potions
 d - a potion of magic {unknown}
 g - 2 potions of curing
 h - 2 potions of agility
 j - a potion of haste
 k - 3 potions of berserk rage
 l - a potion of cancellation
 n - a potion of ambrosia
 o - a potion of heal wounds
 t - 3 potions of flight
Comestibles
 c - 11 rations


   Skills:
 + Level 3.1 Fighting
 - Level 3.6 Dodging
 - Level 3.4 Stealth
 + Level 3.5 Spellcasting
 * Level 6.3 Summonings
 * Level 2.8 Air Magic


You had 5 spell levels left.
You knew the following spells:

 Your Spells              Type           Power        Failure   Level  Hunger
a - Summon Small Mammal   Summ           ###.         1%          1    None
e - Summon Lightning Spi  Summ/Air       ###.....     36%         4    ####...
s - Call Canine Familiar  Summ           ###.....     5%          3    ###....

Your spell library contained the following spells:

 Spells                   Type           Power        Failure   Level  Hunger
 Call Imp                 Summ           ###.....     2%          2    ##.....
 Summon Guardian Golem    Hex/Summ       ##......     21%         3    ###....
 Summon Ice Beast         Ice/Summ       ##......     56%         4    ####...


Dungeon Overview and Level Annotations

Branches:
Dungeon (6/15)             Temple (1/1) D:5

Altars:
Ashenzari
Dithmenos
Fedhas
Gozag
Hepliaklqana
Kikubaaqudgha
Qazlal
Uskayaw
Vehumet
Wu Jian
Xom
Yredelemnul
The Shining One

Shops:
D:5 ?

Annotations:
D:5 1 runed door


Message History

Confirm with . or Enter, or press ? or * to list all spells.
You don't have enough magic to cast that spell.
A crimson imp comes into view.
The crimson imp shouts!
Casting: Call Canine Familiar (safe; 5% risk of failure)
Confirm with . or Enter, or press ? or * to list all spells.
Casting: Summon Small Mammal (safe; 1% risk of failure)
Confirm with . or Enter, or press ? or * to list all spells.
Your bat barely misses the ogre.
The ogre hits your bat with a +0 giant club!
Your bat dies!
Your bat's corpse disappears in a puff of smoke!
Casting: Summon Small Mammal (safe; 1% risk of failure)
Confirm with . or Enter, or press ? or * to list all spells.
Something hits your rat.
Your rat dies!
Your rat's corpse disappears in a puff of smoke!
You swap places.
The crimson imp blinks!
The ogre hits you with a +0 giant club!!
You die...

####### #.....#
#.###.############ #######
#.#rO............#
#.....########.#@#§##########.#
................(.§....# #.#
#.###.##########.##..#.######O#
#.# #.# ####).............###
#.# #.# #..)).#.#...#####...#
#.# #.# #.##......#.# ##.#.#
#.# #.# #.###.#.#.#.# #....#
#.# #.# #.# #.....# ###....#
..# #.# #.# #######.##.......


You could see an ogre and a friendly quokka.

Vanquished Creatures
  A scorpion (D:5)
  2 hounds
  An orc priest (D:6)
  An orc wizard (D:5)
  2 worker ants (D:5)
  A howler monkey zombie (D:5)
  2 gnolls (D:5)
  4 adders
  An adder skeleton (D:4)
  A worm (D:6)
  A leopard gecko (D:4)
  6 orcs
  A bat (D:3)
  2 goblins
  A hobgoblin (D:2)
  3 quokkas
  A frilled lizard (D:3)
  A rat (D:2)
32 creatures vanquished.

Vanquished Creatures (collateral kills)
  Sigmund (D:3)
  An ogre (D:5)
  A bullfrog (D:2)
  A water moccasin zombie (D:6)
  An orc priest (D:5)
  A bullfrog zombie (D:6)
  2 bullfrog skeletons
  4 orc wizards
  Ijyb (D:3)
  An iguana (D:4)
  2 worker ants
  7 gnolls
  6 adders
  An ooze (D:2)
  4 dart slugs
  A worm (D:5)
  4 leopard geckos
  14 orcs
  A ball python (D:4)
  3 giant cockroaches
  9 goblins
  7 hobgoblins
  7 jackals
  6 kobolds
  A quokka (D:3)
  6 bats
  8 frilled lizards
  A jackal zombie (D:5)
  5 rats
107 creatures vanquished.

Grand Total: 139 creatures vanquished

Notes
Turn   | Place    | Note
-------+----------+-------------------------------------------
     0 | D:1      | ilii the Merfolk Summoner began the quest for the Orb.
     0 | D:1      | Reached XP level 1. HP: 13/13 MP: 3/3
   162 | D:1      | Reached XP level 2. HP: 20/20 MP: 1/5
   955 | D:1      | Reached XP level 3. HP: 23/25 MP: 3/6
  1198 | D:1      | Reached skill level 1 in Fighting
  1642 | D:2      | Found a glowing golden altar of the Shining One.
  1677 | D:2      | Reached XP level 4. HP: 26/32 MP: 2/7
  1692 | D:2      | Learned a level 3 spell: Call Canine Familiar
  1795 | D:2      | Noticed a bullfrog
  1807 | D:2      | Killed a bullfrog
  2189 | D:3      | Noticed Ijyb
  2229 | D:3      | Killed Ijyb
  2229 | D:3      | Reached XP level 5. HP: 25/37 MP: 2/8
  2276 | D:3      | Learned a level 4 spell: Summon Lightning Spire
  2372 | D:3      | Reached skill level 5 in Summonings
  2528 | D:3      | Noticed Sigmund
  2560 | D:3      | Killed Sigmund
  2560 | D:3      | Reached skill level 1 in Air Magic
  2560 | D:3      | Reached XP level 6. HP: 31/44 MP: 4/10
  2718 | D:3      | Found a shadowy altar of Dithmenos.
  3083 | D:4      | Upgraded the game from 0.23-a0-565-g3e74e4c to
                  | 0.23-a0-577-g2b1de94
  3636 | D:5      | Entered Level 5 of the Dungeon
  3671 | D:5      | Found a staircase to the Ecumenical Temple.
  3689 | Temple   | Entered the Ecumenical Temple
  4327 | D:5      | Reached XP level 7. HP: 40/51 MP: 6/11
  4518 | D:5      | Found Xeulix's Magic Scroll Emporium.
  4522 | D:5      | Bought a scroll of teleportation for 30 gold pieces
  4522 | D:5      | Bought a scroll of identify for 20 gold pieces
  4522 | D:5      | Bought a scroll of identify for 20 gold pieces
  4522 | D:5      | Bought a scroll of magic mapping for 35 gold pieces
  4522 | D:5      | Bought a scroll of fear for 35 gold pieces
  4662 | D:5      | Found a runed door.
  4662 | D:5      | Noticed a human
  4666 | D:5      | Found a basalt altar of Yredelemnul.
  5550 | D:6      | Reached skill level 6 in Summonings
  5689 | D:6      | Found a stormy altar of Qazlal.
  6791 | D:6      | Slain by an ogre

Vault maps used:
D:1:      tarquinn_simple_flora_water_e
D:2:      tso_altar
D:3:      marbit_many_paths, uniq_ijyb, uniq_sigmund
D:4:      st_stairs_6
D:5:      minmay_temple_entry_slanted, first_ration, serial_shops, shop,
          dk_yredelemnul_ordeal
D:6:      lemuel_doored_altar, lemuel_coloured_pillars_altar, serial_glass,
          glass_columns_b, glass_columns_a
Temple:   compressed_dpeg_triangle_lava_temple

Skill      XL: |  1  2  3  4  5  6  7 |
---------------+----------------------+-----
Dodging        | 3 |  3.6
Fighting       | 1 2 3 |  3.1
Stealth        | 3 |  3.4
Summonings     | 5 6 |  6.3
Air Magic      | 1 2 |  2.8
Spellcasting   | 3 |  3.5

Action                   |  1- 3 |  4- 6 |  7- 9 || total
-------------------------+-------+-------+-------++-------
Melee: Unarmed           |    36 |    13 |       ||    49
       Trident           |       |    41 |    98 ||   139
 Cast: Summon Small Mamm |    79 |    65 |    29 ||   173
       Call Canine Famil |       |    21 |    23 ||    44
  Use: Scroll            |     1 |    10 |     6 ||    17
       Potion            |     2 |     1 |       ||     3
 Stab: Distracted        |       |     1 |     1 ||     2
       Sleeping          |       |       |     1 ||     1
  Eat: Chunk             |     4 |    10 |     6 ||    20
       Ration            |       |       |     1 ||     1
Armor: Robe              |    19 |    24 |    19 ||    62
       Leather armour    |       |       |     5 ||     5
Dodge: Dodged            |    85 |    88 |    96 ||   269

Table legend:
 A = Non-vault XP
 B = Vault XP
 C = Vault XP percentage of total XP
 D = Non-vault monster count
 E = Vault monster count
 F = Vault count percentage of total count
                 A         B        C        D         E       F
            +---------+---------+-------+---------+---------+-------
      Total |     902 |     142 |  13.6 |     134 |       4 |   2.9
            +---------+---------+-------+---------+---------+-------
        D:1 |      55 |       0 |   0.0 |      34 |       0 |   0.0
        D:2 |      93 |       0 |   0.0 |      22 |       0 |   0.0
        D:3 |      75 |     141 |  65.3 |      26 |       3 |  10.3
        D:4 |      43 |       0 |   0.0 |       7 |       0 |   0.0
        D:5 |     405 |       1 |   0.2 |      30 |       1 |   3.2
        D:6 |     231 |       0 |   0.0 |      15 |       0 |   0.0
            +---------+---------+-------+---------+---------+-------
